 Dungeon Crawl Stone Soup version 0.26.1-10-gdfb7c7de75 (webtiles) character file.

Game seed: 4280278392186091283

7 infcreate the Vexing (level 1, 0/10 HPs)
             Began as a Vampire Enchanter on Apr 11, 2021.
             Slain by a bat (1 damage)
             ... on level 1 of the Dungeon.
             The game lasted 00:02:27 (321 turns).

infcreate the Vexing (Vampire Enchanter)             Turns: 321, Time: 00:02:27

Health: 0/10       AC:  2    Str:  7    XL:     1   Next: 83%
Magic:  1/3        EV: 12    Int: 17    God:
Gold:   13         SH:  0    Dex: 14    Spells: 3/4 levels left

rFire    . . .     SeeInvis +   a - +1 dagger
rCold    + + .     Faith    .   (no shield)
rNeg     + + +     Spirit   .   b - +0 robe
rPois    ∞         Reflect  .   (no helmet)
rElec    .         Harm     .   (no cloak)
rCorr    .         Rampage  .   (no gloves)
Will     .....                  (no boots)
Stlth    +++++.....             (no amulet)
HPRegen  0.00/turn              (no ring)
MPRegen  0.08/turn              (no ring)

@: bloodless
A: fangs 3, see invisible, unbreathing
a: Revivify


You were on level 1 of the Dungeon.
You visited 1 branch of the dungeon, and saw 1 of its levels.

You collected 13 gold pieces.


Innate Abilities, Weirdness & Mutations

You do not regenerate when monsters are visible.
You are frail without blood (-20% HP).
You can heal yourself when you bite living creatures.
You are immune to poison.
You have razor-sharp teeth.
You have supernaturally acute eyesight. (SInv)
You can survive without breathing.


   Skills:
 + Level 0.1 Fighting
 * Level 1.3 Short Blades
 * Level 2.2 Dodging
 * Level 4.5 Stealth
 * Level 2.1 Spellcasting
 * Level 4.5 Hexes


You had 3 spell levels left.
You knew the following spells:

 Your Spells              Type           Power        Failure   Level
c - Corona                Hex            18%          3%          1

Your spell library contained the following spells:

 Spells                   Type           Power        Failure   Level
 Confusing Touch          Hex            17%          9%          3
 Tukima's Dance           Hex            17%          9%          3
 Ensorcelled Hibernation  Hex/Ice        18%          12%         2
 Dazzling Flash           Conj/Hex       18%          22%         3

Inventory:

Hand Weapons
 a - a +1 dagger (weapon)
Armour
 b - a +0 robe (worn)
Scrolls
 c - a scroll of random uselessness {unknown}

Dungeon Overview and Level Annotations

Branches:
Dungeon (1/15)

Altars:

##g.# #.#
#.# ...)#
#.# #.#
###.# #.#
#g# #.#
#.# #.#
#.# #.#
#g# #.#
#.#
###.###
#.# #.#
#.....##
#.#
#.#####
#.###..#
#.#
#...@.#
#.####'###
#.#
#####b#
#g##.....#
... #.#
#.##.....#
... #.#
#.##.....#


rl# #.#####.###.##.▒▒▒.# ........g.b.##.▒÷▒.# ........######.▒▒▒.# #.#######
#.....# #..<..# You could see a hobgoblin and a bat (corona).


Message History

* * * LOW HITPOINT WARNING * * *
The bat closely misses you. The bat barely misses you.
The bat barely misses you. The bat hits you but does no damage.
The bat hits you but does no damage.
Casting: Corona (safe; 3% risk of failure)
Confirm with . or Enter, or press ? or * to list all spells.
Aiming: Corona (safe; 3% risk of failure)
Press: ? - help, Shift-Dir - straight line, f - bat
Aim: a bat (chance to affect: 71%)
The bat barely resists.
The bat barely misses you.
You closely miss the bat. The bat barely misses you.
You hit the bat.
The bat is severely wounded.
The bat hits you.
* * * LOW HITPOINT WARNING * * *
The bat hits you but does no damage.
Casting: Corona (safe; 3% risk of failure)
Confirm with . or Enter, or press ? or * to list all spells.
Aiming: Corona (safe; 3% risk of failure)
Press: ? - help, Shift-Dir - straight line, f/p - bat
Aim: a bat (severely wounded, chance to affect: 71%)
The bat is outlined in light.
The bat hits you but does no damage. The bat hits you but does no damage.
The bat barely misses you.
You barely miss the bat.
The bat is severely wounded.
The bat hits you.
You die...

Action                   || total
-------------------------++-------
Melee: Dagger            ||    12
 Cast: Corona            ||     4
 Abil: Exsanguinate      ||     1
 Stab: Sleeping          ||     6
Armor: Robe              ||    19
Dodge: Dodged            ||    36

Levels and vault maps discovered:
D:1:      nicolae_arrival_memento_mori, layout_loops_ring, minmay_unequal

Notes
Turn   | Place    | Note
-------+----------+-------------------------------------------
     0 | D:1      | infcreate the Vampire Enchanter began the quest for the
                  | Orb.
     0 | D:1      | Reached XP level 1. HP: 13/13 MP: 3/3
   316 | D:1      | HP: 1/10 [bat (1)]
   321 | D:1      | Slain by a bat

Vanquished Creatures
  A bat (D:1)
  A goblin (D:1)
  A hobgoblin (D:1)
  A frilled lizard (D:1)
  2 kobolds (D:1)
  A rat (D:1)
7 creatures vanquished.

Table legend: (Time is in decaauts)
 A = Elapsed time spent in this place.
 B = Non-inter-level travel time spent in this place.
 C = Inter-level travel time spent in this place.
 D = Time resting spent in this place.
 E = Time spent auto-exploring this place.
 F = Levels seen in this place.
 G = Mean time per level.
                   A        B        C        D        E       F      G
               +--------+--------+--------+--------+--------+-----+--------+
         Total |    320 |    320 |      0 |     25 |      0 |   1 |  320.0 |
       Dungeon |    320 |    320 |      0 |     25 |      0 |   1 |  320.0 |
               +--------+--------+--------+--------+--------+-----+--------+

Top non-repeatable levels by time:
     D:1: 320 daAuts

Table legend:
 A = Non-vault XP
 B = Vault XP
 C = Vault XP percentage of total XP
 D = Non-vault monster count
 E = Vault monster count
 F = Vault count percentage of total count
                 A         B        C        D         E       F
            +---------+---------+-------+---------+---------+-------
      Total |      10 |       0 |   0.0 |       7 |       0 |   0.0
            +---------+---------+-------+---------+---------+-------
        D:1 |      10 |       0 |   0.0 |       7 |       0 |   0.0
            +---------+---------+-------+---------+---------+-------
